 Dungeon Crawl Stone Soup version 0.30-a0-930-gb9d0489357 (webtiles) character file.

Game seed: 10116052736331890727

755 BlueFish the Sneak (level 7, -7/44 (46) HPs)
             Began as an Octopode Warper on Mar 23, 2023.
             Was an Initiate of Cheibriados.
             Mangled by a wight
             ... wielding a +4 mace of freezing
              (9 damage)
             ... on level 6 of the Dungeon.
             The game lasted 00:13:34 (5400 turns).

BlueFish the Sneak (Octopode Warper)                Turns: 5400, Time: 00:13:35

HP:   -7/44 (46)    AC:  1    Str: 13    XL:     7   Next: 79%
MP:   20/20         EV: 14    Int: 16    God:    Cheibriados [......]
Gold: 231           SH:  0    Dex: 13    Spells: 5/12 levels left

rFire   . . .      SeeInvis .      - Unarmed
rCold   . . .      Faith    .    (no shield)
rNeg    . . .      Spirit   .    (helmet restricted)
rPois   .          Reflect  .    l - amulet of magic regeneration
rElec   .          Rampage  .    n - ring of magical power
rCorr   .                        u - +4 ring of slaying
Will    .....                    (no ring)
Stlth   ++++                     (no ring)
HPRegen 0.27/turn                (no ring)
MPRegen 0.57/turn                (no ring)
                                 (no ring)
                                 (no ring)

@: lightly drained, very slow
A: almost no armour, amphibious, 8 rings, camouflage 1, gelatinous body 1,
(nimble swimmer 1), tentacles
a: Renounce Religion


You were on level 6 of the Dungeon.
You worshipped Cheibriados.
Cheibriados was noncommittal.
You visited 2 branches of the dungeon, and saw 7 of its levels.

You collected 231 gold pieces.

Inventory:

Missiles
 b - 7 boomerangs of dispersal
 c - 6 poisoned darts
 k - 7 stones (quivered)
 o - 6 boomerangs
Jewellery
 l - an amulet of magic regeneration (around mantle)
 n - a ring of magical power (left tentacle)
 u - a +4 ring of slaying (right tentacle)
Wands
 m - a wand of mindburst (4)
 x - a wand of digging (7)
Scrolls
 a - a scroll of blinking
 d - 4 scrolls of teleportation
 h - 2 scrolls of noise {unknown}
 q - a scroll of brand weapon {unknown}
 r - a scroll of immolation {unknown}
 s - a scroll of enchant armour {unknown}
 t - 3 scrolls of fear
 v - a scroll of magic mapping {unknown}
 w - a scroll of torment {unknown}
 y - a scroll of amnesia {unknown}
Potions
 e - a potion of lignification
 f - 3 potions of heal wounds
 g - a potion of mutation
 i - a potion of ambrosia {unknown}
 j - 3 potions of curing
 p - a potion of brilliance {unknown}


   Skills:
 + Level 3.4 Fighting
 + Level 2.8 Throwing
 + Level 3.7 Dodging
 * Level 6.0 Stealth
 + Level 3.3 Unarmed Combat
 + Level 3.1 Spellcasting
 + Level 4.0 Translocations
 + Level 0.9 Invocations
 + Level 0.8 Evocations


You had 5 spell levels left.
You knew the following spells:

 Your Spells              Type           Power      Damage    Failure   Level
a - Blink                 Tloc           30%        N/A       5%          2
b - Lesser Beckoning      Tloc           30%        N/A       5%          2
c - Teleport Other        Tloc           15%        N/A       11%         3

Your spell library contained the following spells:

 Spells                   Type           Power      Damage    Failure   Level
 Vhi's Electric Charge    Tloc/Air       18%        N/A       24%         3
 Static Discharge         Conj/Air       4%         2-3/arc   28%         2
 Manifold Assault         Tloc           15%        N/A       34%         4
 Inner Flame              Hex/Fire       2%         N/A       50%         3
 Cause Fear               Hex            1%         N/A       88%         4
 Arcjolt                  Conj/Air       1%         1d11      99%         5
 Plasma Beam              Fire/Air       1%         2x1d12    99%         5
 Discord                  Hex            1%         N/A       100%        8


Dungeon Overview and Level Annotations

Branches:
Dungeon (6/15)             Temple (1/1) D:5

Altars:
Cheibriados
Dithmenos
Hepliaklqana
Makhleb
Nemelex Xobeh
Qazlal
Trog
Xom
Zin
The Shining One


Innate Abilities, Weirdness & Mutations

You cannot wear most types of armour.
You are amphibious.
You can wear up to eight rings at the same time.
Your skin changes colour to match your surroundings (Stealth+).
Your rubbery body absorbs attacks. (AC +1, EV +1)
((You are camouflaged when in or above water. (Stealth+)))
You have tentacles for arms and can constrict up to eight enemies at once.


Message History

Press: ? - help, Shift-Dir - straight line, f - wight
Aim: a wight, wielding a +4 long sword and wearing a +0 robe (moderately damaged, 64% to hit)
You throw a boomerang.
The boomerang hits the wight but does no damage.
The wight is moderately damaged.
There is a stone staircase leading up here.
You tentacle-slap the wight. You grab the wight.
The wight is heavily damaged.
You constrict the wight, but do no damage.
The wight closely misses you.
You tentacle-slap the wight.
The wight is almost destroyed.
You constrict the wight, but do no damage.
You tentacle-slap the wight but do no damage.
The wight is almost destroyed.
You constrict the wight, but do no damage.
The wight closely misses you.
You tentacle-slap the wight but do no damage.
The wight is almost destroyed.
You constrict the wight.
The wight hits you with a +4 long sword!
You feel drained.
You tentacle-slap the wight.
You destroy the wight!
Cheibriados thoroughly appreciates the change of pace.
Your life force feels restored.
Your Stealth skill increases to level 6!
You tentacle-slap the wight. You grab the wight.
You squeeze the wight, but do no damage.
The wight is severely damaged.
You constrict the wight, but do no damage.
The wight hits you with a +4 mace of freezing!
The wight freezes you.
You tentacle-slap the wight.
The wight is severely damaged.
You constrict the wight, but do no damage.
The wight hits you with a +4 mace of freezing!!
* * * LOW HITPOINT WARNING * * *
You feel drained.
You die... .# .# .# .# z# # .# .####.###.# .......@z.# .#.##.##### #

You could see a wight.

Vanquished Creatures
  Menkaure (D:4)
  A black bear (D:5)
  A lemure (D:5)
  A scorpion (D:5)
  A wight (D:6)
  A hound (D:3)
  Jessica (D:2)
  Ijyb (D:5)
  2 iguanas
  2 orc wizards
  Robin (D:2)
  5 gnolls (D:2)
  6 adders
  A white imp (D:5)
  An ufetubus (D:5)
  2 worms (D:2)
  4 dart slugs
  18 orcs
  5 bats
  8 endoplasms
  4 giant cockroaches
  13 goblins
  8 hobgoblins
  3 jackals (D:5)
  8 kobolds
  2 quokkas
  7 ball pythons
  2 frilled lizards (D:2)
  A rat (D:1)
111 creatures vanquished.

Notes
Turn   | Place    | Note
-------+----------+-------------------------------------------
     0 | D:1      | BlueFish the Octopode Warper began the quest for the Orb.
     0 | D:1      | Reached XP level 1. HP: 14/14 MP: 3/3
    56 | D:1      | Reached skill level 1 in Stealth
    82 | D:1      | Reached XP level 2. HP: 12/19 MP: 5/5
   117 | D:1      | Learned a level 2 spell: Blink
   287 | D:1      | Reached skill level 2 in Stealth
   380 | D:1      | Reached XP level 3. HP: 23/24 MP: 6/6
   383 | D:1      | Learned a level 2 spell: Lesser Beckoning
   700 | D:2      | Noticed Robin
   741 | D:2      | Killed Robin
   946 | D:2      | Reached XP level 4. HP: 29/29 MP: 7/7
   951 | D:2      | Learned a level 3 spell: Teleport Other
  1405 | D:2      | Reached skill level 3 in Stealth
  1692 | D:2      | Reached XP level 5. HP: 27/35 MP: 8/8
  2138 | D:2      | Noticed Jessica
  2145 | D:2      | Killed Jessica
  2321 | D:2      | Identified the +1 leather armour "Sudiurum" {rElec rN+}
  2640 | D:3      | Found a glowing silver altar of Zin.
  2641 | D:3      | Found a burning altar of Makhleb.
  2642 | D:3      | Found a sparkling altar of Nemelex Xobeh.
  2719 | D:3      | Reached skill level 4 in Stealth
  2855 | D:3      | Found a glowing golden altar of the Shining One.
  3001 | D:3      | Reached XP level 6. HP: 35/41 MP: 9/9
  3134 | D:3      | Found a bloodstained altar of Trog.
  3695 | D:4      | Noticed Menkaure
  3699 | D:4      | Killed Menkaure
  4195 | D:4      | Reached skill level 5 in Stealth
  4313 | D:4      | Reached XP level 7. HP: 44/46 MP: 11/11
  4420 | D:5      | Entered Level 5 of the Dungeon
  4433 | D:5      | Found a staircase to the Ecumenical Temple.
  4476 | Temple   | Entered the Ecumenical Temple
  4482 | Temple   | Became a worshipper of Cheibriados the Contemplative
  4549 | D:5      | Noticed Ijyb
  4911 | D:5      | Killed Ijyb
  5223 | D:5      | Identified the +1 tower shield of Pleasant Breezes {rC++
                  | rN+++ rCorr Int-3}
  5399 | D:6      | Reached skill level 6 in Stealth
  5400 | D:6      | HP: 2/46 [wight/+4 mace of freezing (18)]
  5400 | D:6      | Mangled by a wight

Illustrated notes

Levels and vault maps discovered:
D:1:      dpeg_arrival_tiny_i, layout_rooms
D:2:      layout_basic, uniq_robin, uniq_jessica
D:3:      layout_basic, trog_book, mainiacjoe_overflow_alcove_2,
          chequers_temple_overflow_statue_of_worship, minmay_misc_feat_encased,
          minmay_vboxes
D:4:      layout_basic, uniq_menkaure
D:5:      layout_basic, minmay_temple_entry_drinking_statues,
          grunt_ministairs_10, nicolae_eternal_life, corexii_leaking_fountain,
          serial_bayou_pond_d, uniq_pikel, uniq_ijyb
D:6:      layout_loops_corners, serial_shops, nicolae_take_the_stairs
Temple:   eino_temple_rhombus

Skill      XL: |  1  2  3  4  5  6  7 |
---------------+----------------------+-----
Stealth        | 1 2 3 4 5 6 |  6.0
Dodging        | 3 |  3.7
Throwing       | 2 |  2.8
Fighting       | 3 |  3.4
Unarmed Combat | 3 |  3.3
Spellcasting   | 3 |  3.1
Translocations | 4 |  4.0
Invocations    | |  0.9
Evocations     | |  0.8

Action                     |  1- 3 |  4- 6 |  7- 9 || total
---------------------------+-------+-------+-------++-------
  Melee: Unarmed           |    86 |   127 |    53 ||   266
         Constrict         |    27 |    36 |    15 ||    78
         Tentacles         |    16 |    30 |    12 ||    58
         Punch             |     2 |     5 |       ||     7
  Throw: Dart              |       |    17 |     9 ||    26
         Stone             |       |     4 |    18 ||    22
         Boomerang         |       |       |     3 ||     3
   Cast: Teleport Other    |       |     1 |       ||     1
         Blink             |       |     1 |       ||     1
         Lesser Beckoning  |       |     1 |     3 ||     4
    Use: Scroll            |       |     4 |     2 ||     6
   Stab: Sleeping          |     7 |    14 |       ||    21
         Distracted        |       |       |     1 ||     1
 Armour: Skin              |     5 |     5 |     2 ||    12
  Dodge: Dodged            |    53 |    60 |    29 ||   142

Table legend: (Time is in decaauts)
 A = Elapsed time spent in this place.
 B = Non-inter-level travel time spent in this place.
 C = Inter-level travel time spent in this place.
 D = Time resting spent in this place.
 E = Time spent auto-exploring this place.
 F = Levels seen in this place.
 G = Mean time per level.
                   A        B        C        D        E       F      G
               +--------+--------+--------+--------+--------+-----+--------+
         Total |   5557 |   5340 |    217 |    153 |   4039 |   7 |  793.9 |
       Dungeon |   5543 |   5326 |    217 |    153 |   4039 |   6 |  923.8 |
        Temple |     14 |     14 |      0 |      0 |      0 |   1 |   14.0 |
               +--------+--------+--------+--------+--------+-----+--------+

Top non-repeatable levels by time:
     D:2: 1559 daAuts
     D:3: 1160 daAuts
     D:5: 1120 daAuts
     D:4: 867 daAuts
     D:1: 823 daAuts
  Temple: 14 daAuts
     D:6: 12 daAuts
